 Dungeon Crawl Stone Soup version 0.26-a0-611-g354ed81502 (webtiles) character file.

Game seed: 16200310079308215152

1005 MrRokkomies the Firebug (level 7, -5/51 HPs)
             Began as a Demigod Fire Elementalist on Sept 7, 2020.
             Slain by Duvessa
             ... wielding a +4 short sword of speed
              (17 damage)
             ... on level 5 of the Dungeon.
             The game lasted 00:09:41 (7161 turns).

MrRokkomies the Firebug (Demigod Fire Elementalist) Turns: 7161, Time: 00:09:42

Health: -5/51      AC:  5    Str: 11    XL:     7   Next: 68%
Magic:  0/14       EV: 14    Int: 23    God:
Gold:   50         SH:  0    Dex: 16    Spells: 4/12 levels left

rFire    + . .     SeeInvis .   n - +0 short sword (venom)
rCold    . . .     Faith    .   (no shield)
rNeg     . . .     Spirit   .   o - +0 leather armour {rF+}
rPois    .         Reflect  .   e - +1 helmet
rElec    .         Harm     .   (no cloak)
rCorr    .                      (no gloves)
MR       .....                  (no boots)
Stlth    ++........             (no amulet)
HPRegen  0.17/turn              (no ring)
MPRegen  0.14/turn              (no ring)

@: no status effects
A: high mp 1
a: no special abilities


You were on level 5 of the Dungeon.
You visited 1 branch of the dungeon, and saw 5 of its levels.
You also visited: Sewer.

You collected 155 gold pieces.
You spent 105 gold pieces at shops.

Inventory:

Hand Weapons
 d - a +0 dagger
 n - a +0 short sword of venom (weapon)
Missiles
 g - a throwing net
 j - 28 poisoned darts (quivered)
Armour
 a - a +0 robe
 e - a +1 helmet (worn)
 o - a +0 leather armour of fire resistance (worn)
Scrolls
 c - 3 scrolls of remove curse
 r - 2 scrolls of teleportation
 s - a scroll of enchant armour
 t - a scroll of fear {unknown}
 u - 2 scrolls of identify
Potions
 b - a potion of brilliance {unknown}
 f - a potion of mutation
 h - 2 potions of magic
 i - 2 potions of heal wounds
 k - a potion of stabbing {unknown}
 l - 6 potions of curing
 m - 4 potions of flight
 p - a potion of might {unknown}
 q - a potion of invisibility
 v - a potion of cancellation {unknown}


   Skills:
 + Level 0.4 Fighting
 + Level 4.0 Dodging
 - Level 1.7 Stealth
 - Level 3.0 Spellcasting
 * Level 4.9 Conjurations
 * Level 5.6 Fire Magic


You had 4 spell levels left.
You knew the following spells:

 Your Spells              Type           Power        Failure   Level
a - Foxfire               Conj/Fire      ####         1%          1
b - Conjure Flame         Conj/Fire      ####....     4%          3
c - Sticky Flame          Conj/Fire      ####....     17%         4

Your spell library contained the following spells:

 Spells                   Type           Power        Failure   Level
 Inner Flame              Hex/Fire       ###.....     14%         3
 Fireball                 Conj/Fire      ####......   43%         5


Dungeon Overview and Level Annotations

Branches:
Dungeon (5/15)              Sewer (visited)
 Temple: D:4-7

Shops:
D:4 ?[[=[

Annotations:
D:5 Duvessa


Innate Abilities, Weirdness & Mutations

You have an increased reservoir of magic. (+10% MP)


Message History

Duvessa is heavily wounded.
You feel much better.
The foxfire hits Duvessa!
Duvessa is severely wounded.
The foxfire hits Duvessa!
Duvessa is almost dead.
Duvessa hits you with a +4 short sword of speed.
Duvessa hits you but does no damage.
You closely miss Duvessa.
Duvessa is almost dead.
Duvessa hits you with a +4 short sword of speed.
Duvessa misses you.
You barely miss Duvessa.
Duvessa is almost dead.
Duvessa barely misses you.
Duvessa hits you with a +4 short sword of speed!!
* * * LOW HITPOINT WARNING * * *
You closely miss Duvessa.
Duvessa is almost dead.
Duvessa hits you with a +4 short sword of speed!
You die...

....... .......##
.#.# ........##
.#.# .......<.##
....#
....##....###.....
#..........§......
.........##......
#...##.....e..)...
#..# #....@ll....#
#.. #.......)..##
.. #.†.........#
....##.......$.
..## ..<....### ..
..........
....###...# ##....
#.##


You could see Duvessa (berserk) and 2 leopard geckos.

Vanquished Creatures
  4 ogres (D:4)
  A scorpion (D:4)
  Dowan (D:5)
  An orc priest (D:3)
  2 hounds
  2 orc wizards
  An iguana (D:4)
  A worker ant (D:4)
  A gnoll (D:1)
  9 river rats (Sewer)
  13 adders
  A white imp (D:4)
  An ufetubus (D:5)
  2 oozes
  An adder zombie (D:3)
  6 worms
  3 dart slugs
  6 leopard geckos
  11 orcs
  4 ball pythons
  5 bats
  5 giant cockroaches
  7 goblins
  4 hobgoblins
  4 jackals
  22 kobolds
  3 quokkas
  3 frilled lizards
  19 rats
143 creatures vanquished.

Vanquished Creatures (others)
  337 foxfires
337 creatures vanquished.

Grand Total: 480 creatures vanquished

Notes
Turn   | Place    | Note
-------+----------+-------------------------------------------
     0 | D:1      | MrRokkomies the Demigod Fire Elementalist began the quest
                  | for the Orb.
     0 | D:1      | Reached XP level 1. HP: 14/14 MP: 5/5
    21 | D:1      | Reached skill level 1 in Conjurations
   493 | D:1      | Reached XP level 2. HP: 20/20 MP: 7/7
   580 | D:1      | Reached skill level 3 in Fire Magic
  1232 | D:2      | Reached XP level 3. HP: 22/26 MP: 8/8
  2124 | D:2      | Found an ornate altar of the Wu Jian Council.
  2152 | D:2      | Reached XP level 4. HP: 16/33 MP: 3/10
  2772 | D:3      | Found a glowing drain.
  2800 | D:3      | Reached XP level 5. HP: 28/38 MP: 1/11
  2814 | Sewer    | Entered a sewer
  2892 | Sewer    | Learned a level 3 spell: Conjure Flame
  2897 | Sewer    | Learned a level 4 spell: Sticky Flame
  3355 | Sewer    | Reached skill level 4 in Fire Magic
  3990 | Sewer    | Reached XP level 6. HP: 45/45 MP: 10/13
  4400 | D:3      | Found a faded altar of an unknown god.
  5580 | D:4      | Found Kiggonuc's Armour Shoppe.
  5925 | D:4      | Found Ywyogimo's Jewellery Boutique.
  6033 | D:4      | Found Piulaf's Antique Armour Shoppe.
  6037 | D:4      | Found Dotayfos's Armour Shoppe.
  6041 | D:4      | Bought a glowing leather armour for 105 gold pieces
  6284 | D:4      | Found a basalt altar of Yredelemnul.
  6413 | D:4      | Reached XP level 7. HP: 12/50 MP: 4/14
  6420 | D:4      | Reached skill level 5 in Fire Magic
  6739 | D:4      | Found Hasomeos's Magic Scroll Emporium.
  7135 | D:5      | Entered Level 5 of the Dungeon
  7136 | D:5      | Noticed Dowan
  7148 | D:5      | Killed Dowan
  7149 | D:5      | Noticed Duvessa
  7161 | D:5      | Slain by Duvessa

Illustrated notes

Levels and vault maps discovered:
D:1:      dpeg_arrival_orchard, layout_basic, nrook_loot_triangle,
          serial_park_tiny_1, minmay_pentomino_p2
D:2:      layout_basic, lemuel_doored_altar
D:3:      layout_basic, cheibrodos_sewer_entry_drain,
          chequers_ecumenical_altar_simple_redux
D:4:      minmay_angry_zag, layout_basic, old_standard_altar, serial_shops,
          shop, shop, nicolae_shop_trees, shop_statue, shop,
          minmay_fractal_squares_diagonal_5
D:5:      layout_cave_pools, minmay_temple_entry_large_hall, uniq_duvessa,
          uniq_prince_ribbit1, uniq_grinder, uniq_pikel

Skill      XL: |  1  2  3  4  5  6  7 |
---------------+----------------------+-----
Conjurations   | 1 2 3 4 |  4.9
Dodging        | 2 3 4 |  4.0
Fire Magic     | 3 4 5 |  5.6
Spellcasting   | 2 3 |  3.0
Fighting       | |  0.4
Stealth        | |  1.7

Action                   |  1- 3 |  4- 6 |  7- 9 || total
-------------------------+-------+-------+-------++-------
Melee: Dagger            |    93 |    46 |       ||   139
       Unarmed           |     2 |       |       ||     2
       Short sword       |       |   109 |    11 ||   120
Throw: Dart              |       |     3 |       ||     3
 Cast: Foxfire           |    52 |   108 |    41 ||   201
  Use: Scroll            |       |    11 |       ||    11
       Potion            |       |       |     2 ||     2
 Stab: Sleeping          |     5 |     3 |     3 ||    11
Armor: Robe              |    18 |    30 |       ||    48
       Leather armour    |       |    18 |     1 ||    19
Dodge: Dodged            |    85 |   134 |    12 ||   231

Table legend: (Time is in decaauts)
 A = Elapsed time spent in this place.
 B = Non-inter-level travel time spent in this place.
 C = Inter-level travel time spent in this place.
 D = Time resting spent in this place.
 E = Time spent auto-exploring this place.
 F = Levels seen in this place.
 G = Mean time per level.
                   A        B        C        D        E       F      G
               +--------+--------+--------+--------+--------+-----+--------+
         Total |   7185 |   7082 |    103 |     76 |   6009 |   6 | 1197.5 |
       Dungeon |   5693 |   5590 |    103 |      3 |   4808 |   5 | 1138.6 |
         Sewer |   1492 |   1492 |      0 |     73 |   1201 |   1 | 1492.0 |
               +--------+--------+--------+--------+--------+-----+--------+

Top non-repeatable levels by time:
     D:4: 1566 daAuts
     D:2: 1502 daAuts
   Sewer: 1492 daAuts
     D:3: 1459 daAuts
     D:1: 1138 daAuts
     D:5: 26 daAuts
